 Dungeon Crawl Stone Soup version 0.32-a0-171-g4625e66871 (webtiles) character file.

Game seed: 8517270794724368386

20022 Ichorid the Unseen (level 12, -6/61 HPs)
             Began as a Spriggan Enchanter on Feb 12, 2024.
             Was an Initiate of Gozag.
             Killed from afar by a deep elf zephyrmancer (35 damage)
             ... with a bolt of lightning
             ... on level 12 of the Dungeon.
             The game lasted 00:27:13 (14493 turns).

Ichorid the Unseen (Spriggan Enchanter)            Turns: 14493, Time: 00:27:14

Health: -6/61      AC:  4    Str:  4    XL:     12   Next: 41%
Magic:  17/22      EV: 30    Int: 23    God:    Gozag
Gold:   1929       SH:  0    Dex: 20    Spells: 18/23 levels left

rFire   . . .        w - +1 short sword (venom)
rCold   + . .        (no shield)
rNeg    . . .        R - +1 robe {Will+}
rPois   .            (helmet restricted)
rElec   .            I - +0 cloak
rCorr   .            (gloves unavailable)
SInv    +            (boots unavailable)
Will    +++..        m - amulet of magic regeneration
Stlth   ++++++       D - +6 ring of intelligence
HPRegen 0.30/turn    y - ring of protection from cold
MPRegen 0.58/turn

%: no passive effects
@: gold aura, very quick
A: very small, no large weapons, unfitting armour, see invisible, speed 3
a: Renounce Religion, Potion Petition, Call Merchant, Bribe Branch


You were on level 12 of the Dungeon.
You worshipped Gozag.
Gozag was most pleased with you.
You visited 2 branches of the dungeon, and saw 13 of its levels.
You also visited: Ossuary and Bailey.

You collected 2299 gold pieces.
You spent 230 gold pieces at shops.
You paid 140 gold pieces to Gozag.

Inventory:

Hand Weapons
 a - a +1 dagger
 t - a +1 short sword of distortion {!w}
 w - a +1 short sword of venom (weapon)
Missiles
 K - 2 curare-tipped darts
Armour
 I - a +0 cloak (worn)
 R - a +1 robe of willpower (worn)
Jewellery
 m - an amulet of magic regeneration (around neck)
 o - an amulet of guardian spirit
 y - a ring of protection from cold (right hand)
 z - a ring of wizardry
 D - a +6 ring of intelligence (left hand)
 O - a ring of protection from cold
Wands
 u - a wand of flame (19)
 G - a wand of mindburst (15)
 M - a wand of charming (7)
Scrolls
 b - a scroll of fear
 d - a scroll of butterflies
 f - 3 scrolls of noise
 g - 2 scrolls of poison
 h - 3 scrolls of teleportation {@r3}
 l - 5 scrolls of enchant armour
 n - 3 scrolls of vulnerability {!r}
 s - 4 scrolls of enchant weapon
 v - 2 scrolls of revelation {@r5}
 A - 2 scrolls of torment
 C - a scroll of brand weapon
 F - 2 scrolls of amnesia
 H - 2 scrolls of blinking {@r4}
Potions
 c - 4 potions of invisibility
 e - 2 potions of resistance {unknown}
 i - 2 potions of lignification {unknown}
 j - 4 potions of heal wounds {unknown}
 k - 4 potions of curing {unknown}
 p - 3 potions of might {unknown}
 q - 5 potions of enlightenment {unknown}
 r - 2 potions of mutation {unknown}
 x - 7 potions of attraction
 B - 3 potions of haste {unknown}
 E - 7 potions of magic
 L - 2 potions of degeneration {unknown}
 N - 2 potions of brilliance {unknown}
 P - a potion of cancellation {unknown}
 Q - a potion of berserk rage {unknown}


   Skills:
 + Level 6.2 Fighting
 - Level 10.0 Short Blades
 - Level 15.0 Dodging
 - Level 15.0 Stealth
 - Level 6.0 Spellcasting
 - Level 10.0 Hexes


You had 18 spell levels left.
You knew the following spells:

 Your Spells              Type           Power      Damage    Failure   Level
c - Confusing Touch       Hex            52%        N/A       1%          3
e - Ensorcelled Hibernat  Hex/Ice        58%        N/A       1%          2

Your spell library contained the following spells:

 Spells                   Type           Power      Damage    Failure   Level
 Jinxbite                 Hex            100%       N/A       1%          2
 Tukima's Dance           Hex            52%        N/A       1%          3
 Dazzling Flash           Conj/Hex       58%        N/A       3%          3
 Inner Flame              Hex/Fire       29%        N/A       3%          3
 Apportation              Tloc           12%        N/A       9%          1
 Necrotise                Necr           24%        1d5       9%          1
 Summon Small Mammal      Summ           24%        N/A       9%          1
 Blink                    Tloc           12%        N/A       13%         2
 Lesser Beckoning         Tloc           12%        N/A       13%         2
 Momentum Strike          Conj/Tloc      12%        3d8       13%         2
 Scorch                   Fire           12%        2d5       13%         2
 Call Canine Familiar     Summ           6%         N/A       26%         3
 Vampiric Draining        Necr           6%         2d6       26%         3
 Yara's Violent Unravell  Hex/Alch       14%        3d7       30%         5
 Flame Wave               Conj/Fire      6%         2d5       63%         4
 Martyr's Knell           Necr/Summ      6%         N/A       63%         4
 Passage of Golubria      Tloc           6%         N/A       63%         4
 Summon Blazeheart Golem  Fire/Summ      6%         N/A       63%         4
 Alistair's Intoxication  Alch           4%         N/A       93%         5
 Borgnjor's Vile Clutch   Necr/Erth      3%         N/A       93%         5
 Curse of Agony           Necr           6%         N/A       93%         5
 Irradiate                Conj/Alch      3%         3d12      93%         5
 Death Channel            Necr           3%         N/A       100%        6
 Summon Cactus Giant      Summ           3%         N/A       100%        6
 Ignition                 Fire           3%         3d4       100%        8
 Animate Dead             Necr           Unusable   N/A       N/A         4

Dungeon Overview and Level Annotations

Branches:
Dungeon (12/15)            Temple (1/1) D:5            Lair (0/5) D:11
Ossuary (visited)          Bailey (visited)
    Orc: D:9-12

Altars:
Ashenzari
Cheibriados
Dithmenos
Elyvilon
Fedhas
Gozag
Hepliaklqana
Kikubaaqudgha
Makhleb
Nemelex Xobeh
Okawaru
Qazlal
Ru
Sif Muna
Trog
Uskayaw
Vehumet
Wu Jian
Xom
Yredelemnul
Zin
The Shining One

Shops:
D:1 :   D:7 ?   D:11 *

Portals:
Abyss: D:5

Annotations:
D:4 3 runed translucent doors, DrClinical's ghost, novice OnCK
D:5 2 transporters, Returnofthet's ghost, amateur MfGl


Innate Abilities, Weirdness & Mutations

You are very small and have problems with some larger weapons.
You are too small for most types of armour.
You have supernaturally acute eyesight. (SInv)
You cover ground extremely quickly. (Speed+++)


Message History

The manticore is no longer distracted by gold.
The shadow is no longer distracted by gold.
The helpless killer bee fails to defend itself.
You stick the killer bee like a pincushion!!!!
You kill the killer bee!
The meliai is distracted by your dazzling golden aura.
The killer bee is distracted by your dazzling golden aura.
The slime creature looks drowsy...
The killer bee buzzes angrily.
The meliai buzzes angrily.
The helpless slime creature fails to defend itself.
You spit the slime creature like a pig!!!!
You kill the slime creature!
Casting: Ensorcelled Hibernation (safe; 1% risk of failure)
Confirm with . or Enter, or press ? or * to list all spells.
Your hands begin to glow red.
The meliai is no longer distracted by gold.
The shadow completely misses you.
You completely miss the shadow. You hit the shadow but do no damage.
The shadow completely misses you.
A killer bee comes into view.
The killer bee buzzes angrily.
You hit the shadow but do no damage.
You hear an angry buzzing noise.
The meliai invokes the aid of its god against you.
Something smites you!
You closely miss the shadow. The shadow barely misses you.
You hit the shadow but do no damage.
The shadow appears confused.
You hit the shadow but do no damage. The shadow barely misses you.
The shadow hits itself!
You hit the shadow but do no damage.
The shadow is heavily damaged.
The deep elf zephyrmancer gestures at you while chanting.
The bolt of lightning hits the killer bee!!!
The killer bee dies!
The bolt of lightning hits the shadow!!
The shadow is destroyed!
The bolt of lightning hits you!! x2
Ouch! That really hurt!
You die...
Your body crumbles into a pile of gold.

!. ..##....(...#.. .# #.
#..P....###.. #. .#
##....###.... . .#
#.#####.###...#.. ..# #.
.#.. ####....##.⌠
#.y##.#.#.#.#....#...#..
#He.y#....##....#....#
#$$#..##..##..#...#.
#..##@##..##..##.....#
#W.##..#$.##..##..#.....
..##....#....##........#.
. #.#.#.#.##..##....###.
# ..#.#.##$#...##.# .
###.#.#..#.#.##..#
#.#.#.# ##....## .#.#.#.
.##.# ..#.#. ...# $#


You could see a manticore, a deep elf zephyrmancer, a meliai and a killer bee.

Vanquished Creatures
  3 boulder beetles (D:11)
  2 vault guards (Bailey)
  A centaur warrior (D:10)
  2 two-headed ogres
  3 ugly things
  7 cyclopes
  A cane toad (Bailey)
  An unseen horror (D:11)
  A komodo dragon (D:11)
  3 trolls
  A hornet (D:7)
  Prince Ribbit (D:7)
  2 shadows (D:11)
  2 basilisks
  A wraith (D:11)
  A slime creature (D:12)
  9 yaks
  11 humans (Bailey)
  2 wyverns (D:8)
  A steam dragon (D:10)
  2 water moccasins (D:7)
  An acid dragon (D:8)
  2 orc warriors
  3 ice beasts
  12 centaurs
  An ogre (D:5)
  2 elf zombies (Ossuary)
  7 bullfrogs
  6 kobold brigands
  2 gnoll sergeants
  2 scorpions
  4 wights (D:8)
  22 killer bees
  2 howler monkeys
  2 bombardier beetles (D:4)
  2 lava snakes (D:8)
  3 centaur zombies (Ossuary)
  3 hounds
  2 jellies
  4 orc priests
  4 iguanas
  A sleepcap (D:5)
  A gnoll bouda (D:7)
  Natasha (thrice) (D:4)
  7 orc wizards
  5 hound zombies (Ossuary)
  2 mummies (Ossuary)
  11 gnolls
  7 adders
  2 shadow imps
  A white imp (D:6)
  5 ufetubi
  8 adder zombies (Ossuary)
  2 dart slugs
  2 ribbon worms
  39 orcs
  7 ball pythons
  10 endoplasms
  A giant cockroach (D:2)
  6 hobgoblins
  2 jackals (D:3)
  2 quokkas
  4 bats
  4 frilled lizards
  6 gnoll zombies (Ossuary)
  13 goblins
  4 jackal zombies (Ossuary)
  32 kobolds
  4 kobold zombies (Ossuary)
  5 orc zombies (Ossuary)
  3 rats
342 creatures vanquished.

Vanquished Creatures (others)
  A shadow (D:12)
  2 killer bees (D:12)
  A kobold (D:10)
4 creatures vanquished.

Grand Total: 346 creatures vanquished

Notes
Turn   | Place    | Note
-------+----------+-------------------------------------------
     0 | D:1      | Ichorid the Spriggan Enchanter began the quest for the Orb.
     0 | D:1      | Reached XP level 1. HP: 9/9 MP: 5/5
   271 | D:1      | Found Tom Qeqa's Vocational Training.
   541 | D:1      | Reached XP level 2. HP: 8/13 MP: 6/6
   544 | D:1      | Learned a level 2 spell: Ensorcelled Hibernation
   619 | D:1      | Reached skill level 5 in Stealth
  1175 | D:2      | Reached XP level 3. HP: 13/16 MP: 0/8
  1653 | D:2      | Found a faded altar of an unknown god.
  2935 | D:3      | Learned a level 3 spell: Confusing Touch
  2997 | D:4      | Reached XP level 4. HP: 21/21 MP: 9/9
  3000 | D:4      | Found a sand-covered staircase.
  3039 | Ossuary  | Entered an ossuary
  3197 | Ossuary  | Reached XP level 5. HP: 24/24 MP: 10/10
  3459 | Ossuary  | Reached skill level 5 in Short Blades
  3459 | Ossuary  | Reached XP level 6. HP: 21/28 MP: 11/11
  3723 | D:4      | Reached skill level 5 in Hexes
  3776 | D:3      | Reached XP level 7. HP: 32/32 MP: 9/14
  4041 | D:4      | Noticed Natasha
  4048 | D:4      | Killed Natasha
  4102 | D:4      | Noticed Natasha
  4117 | D:4      | Killed Natasha
  4233 | D:4      | Noticed Natasha
  4242 | D:4      | Killed Natasha
  4400 | D:4      | Found a runed translucent gate.
  4400 | D:4      | Found a runed translucent gate.
  4400 | D:4      | Found a runed translucent gate.
  4401 | D:4      | Noticed DrClinical's ghost (novice OnCK)
  4613 | D:5      | Entered Level 5 of the Dungeon
  4832 | D:5      | Found a transporter.
  4845 | D:5      | Found a one-way gate to the infinite horrors of the Abyss.
  4845 | D:5      | Noticed Returnofthet's ghost (amateur MfGl)
  4885 | D:5      | Found a staircase to the Ecumenical Temple.
  4896 | Temple   | Entered the Ecumenical Temple
  5011 | D:6      | Found an ornate altar of the Wu Jian Council.
  5133 | D:6      | Reached skill level 1 in Fighting
  5133 | D:6      | Reached XP level 8. HP: 21/37 MP: 11/15
  5384 | D:6      | Found a shadowy altar of Dithmenos.
  5513 | D:6      | Found an opulent altar of Gozag.
  5698 | D:5      | Reached skill level 5 in Dodging
  5832 | D:5      | Found a transporter.
  6331 | D:6      | Found a blossoming altar of Fedhas.
  6334 | D:6      | Found a basalt altar of Yredelemnul.
  6338 | D:6      | Found a stormy altar of Qazlal.
  6671 | D:6      | Became a worshipper of Gozag Ym Sagoz the Greedy
  6707 | D:7      | Found a snail-covered altar of Cheibriados.
  6916 | D:7      | Noticed Prince Ribbit
  6925 | D:7      | Killed Prince Ribbit
  6926 | D:7      | Reached XP level 9. HP: 33/44 MP: 14/17
  7020 | D:7      | Reached skill level 5 in Spellcasting
  7485 | D:7      | Found Lucighin's Magic Scroll Shoppe.
  7632 | D:7      | Bought a scroll of brand weapon for 104 gold pieces
  7632 | D:7      | Bought a scroll of enchant armour for 82 gold pieces
  7632 | D:7      | Bought a scroll of fear for 44 gold pieces
  7959 | D:7      | Found a white marble altar of Elyvilon.
  8001 | D:7      | Found a glowing silver altar of Zin.
  8147 | D:7      | Reached skill level 5 in Fighting
  8595 | D:8      | Found a sacrificial altar of Ru.
  8621 | D:8      | Identified the +0 ring mail of Supple Strength {Str+4 SInv}
  8824 | D:8      | Reached XP level 10. HP: 53/53 MP: 20/20
  8833 | D:8      | Found a transporter.
  8978 | D:8      | Reached skill level 10 in Stealth
  9011 | D:8      | Found a transporter.
 10758 | D:10     | Entered Level 10 of the Dungeon
 10828 | D:10     | Found a flagged portal.
 10921 | Bailey   | Entered a bailey
 11191 | Bailey   | Noticed a vault guard
 11344 | Bailey   | Noticed a cane toad
 11349 | Bailey   | Killed a cane toad
 11458 | Bailey   | Reached XP level 11. HP: 56/56 MP: 19/21
 11507 | Bailey   | Noticed a vault guard
 11535 | Bailey   | Killed a vault guard
 11536 | Bailey   | Reached skill level 10 in Hexes
 11651 | Bailey   | Killed a vault guard
 11652 | Bailey   | Reached skill level 10 in Short Blades
 11775 | D:10     | Noticed a two-headed ogre
 11787 | D:10     | Killed a two-headed ogre
 11847 | D:10     | Noticed a centaur warrior
 11854 | D:10     | Killed a centaur warrior
 12614 | D:11     | Found Aocs's Alliterative Armaments.
 12682 | D:11     | Found a staircase to the Lair.
 12777 | D:11     | Reached skill level 10 in Dodging
 12787 | D:11     | Noticed a boulder beetle
 13049 | D:11     | Noticed a boulder beetle
 13056 | D:11     | Killed a boulder beetle
 13101 | D:11     | Reached skill level 15 in Stealth
 13127 | D:11     | Noticed a white ugly thing
 13609 | D:11     | Noticed a boulder beetle
 13616 | D:11     | Killed a boulder beetle
 13633 | D:11     | Killed a boulder beetle
 13668 | D:11     | Reached XP level 12. HP: 61/61 MP: 20/22
 14119 | D:12     | Noticed a two-headed ogre
 14133 | D:12     | Killed a two-headed ogre
 14447 | D:12     | Reached skill level 15 in Dodging
 14479 | D:12     | Noticed a four-headed hydra
 14493 | D:12     | Killed from afar by a deep elf zephyrmancer

Illustrated notes

Levels and vault maps discovered:
D:1:      psy_arrival_spokes, layout_loops_corners, nicolae_shop_vocational
D:2:      layout_basic, chequers_ecumenical_altar_simple_redux
D:3:      layout_basic
D:4:      layout_cave_pools, nicolae_ossuary_entry_ruins,
          gammafunk_ghost_nasty_kobolds, uniq_natasha
D:5:      layout_basic, minmay_temple_entry_grid, gammafunk_ghost_abyssal_escape
D:6:      layout_basic, mainiacjoe_overflow_24_doors,
          grunt_temple_overflow_diamond, grunt_dithmenos_shadows,
          mainiacjoe_overflow_six_doors_small, minmay_increasing_density
D:7:      statuecave_lemuel, layout_loops_ring, mainiacjoe_overflow_two_lobes,
          slow_altar_1, serial_shops, shop_scrolls, uniq_prince_ribbit1
D:8:      layout_basic, nicolae_ru_the_path_less_chosen, st_stairs_8,
          kennysheep_crisscross, nicolae_diode_stairs
D:9:      layout_irregular_city
D:10:     layout_irregular_city, enter_bailey_3
D:11:     kennysheep_blocky_room, layout_basic, david_lair_shrubbed,
          monkooky_shop_alliterative
D:12:     regret_index_wax_grids, layout_gridville, orc_0_dummy, uniq_sonja
Temple:   hellmonk_temple_two_chambers

Skill      XL: |  1  2  3  4  5  6  7  8  9 10 11 12 |
---------------+-------------------------------------+-----
Stealth        | 5 6 7 8 9 12 15 | 15.0
Short Blades   | 2 3 5 6 9 10 | 10.0
Spellcasting   | 3 4 6 |  6.0
Hexes          | 5 8 9 10 | 10.0
Fighting       | 1 3 6 |  6.2
Dodging        | 3 8 12 15 | 15.0

Action                     |  1- 3 |  4- 6 |  7- 9 | 10-12 || total
---------------------------+-------+-------+-------+-------++-------
  Melee: Dagger            |   100 |   201 |    38 |       ||   339
         Short sword       |       |       |   164 |   300 ||   464
   Cast: Ensorcelled Hiber |    36 |    19 |   100 |   173 ||   328
         Confusing Touch   |       |    27 |     8 |    11 ||    46
    Use: Scroll            |       |       |     7 |     8 ||    15
   Stab: Sleeping          |    33 |    17 |    75 |   113 ||   238
         Confused          |       |    27 |     6 |     8 ||    41
         Distracted        |       |       |     1 |     5 ||     6
 Armour: Robe              |    29 |    38 |    74 |   103 ||   244
  Dodge: Dodged            |    81 |   130 |   221 |   341 ||   773

Table legend: (Time is in decaauts)
 A = Elapsed time spent in this place.
 B = Non-inter-level travel time spent in this place.
 C = Inter-level travel time spent in this place.
 D = Time resting spent in this place.
 E = Time spent auto-exploring this place.
 F = Levels seen in this place.
 G = Mean time per level.
                   A        B        C        D        E       F      G
               +--------+--------+--------+--------+--------+-----+--------+
         Total |  10635 |  10017 |    618 |   2015 |   5843 |  15 |  709.0 |
       Dungeon |   9437 |   8824 |    613 |   1611 |   5531 |  12 |  786.4 |
        Temple |      5 |      1 |      4 |      0 |      0 |   1 |    5.0 |
       Ossuary |    458 |    458 |      0 |     66 |    106 |   1 |  458.0 |
        Bailey |    733 |    733 |      0 |    338 |    205 |   1 |  733.0 |
               +--------+--------+--------+--------+--------+-----+--------+

Top non-repeatable levels by time:
     D:7: 1319 daAuts
     D:8: 1062 daAuts
    D:11: 968 daAuts
    D:10: 838 daAuts
     D:2: 801 daAuts
     D:3: 770 daAuts
     D:6: 768 daAuts
  Bailey: 733 daAuts
     D:1: 685 daAuts
     D:9: 630 daAuts
     D:5: 628 daAuts
     D:4: 620 daAuts
 Ossuary: 458 daAuts
    D:12: 344 daAuts
  Temple: 5 daAuts
